 Dungeon Crawl Stone Soup version 0.26.0-8-g74fc34ddfb (console) character file.

Game seed: 12072807376637300708

79 Garrluk the Chucker (level 4, -1/48 HPs)
             Began as an Ogre Hunter on Jan 12, 2021.
             Slain by an orc
             ... wielding a +0 flail
              (5 damage)
             ... on level 4 of the Dungeon.
             The game lasted 00:06:48 (801 turns).

Garrluk the Chucker (Ogre Hunter)                    Turns: 801, Time: 00:06:48

Health: -1/48      AC:  3    Str: 17    XL:     4   Next: 37%
Magic:  4/4        EV: 10    Int: 12    God:
Gold:   77         SH:  0    Dex:  9    Spells: 3/3 levels left

rFire    . . .     SeeInvis .   j - +2 dagger (venom)
rCold    . . .     Faith    .   (no shield)
rNeg     . . .     Spirit   .   b - +0 robe
rPois    .         Reflect  .   (helmet restricted)
rElec    .         Harm     .   (no cloak)
rCorr    .         Rampage  .   (gloves unavailable)
Will     .....                  (boots unavailable)
Stlth    +.........             (no amulet)
HPRegen  0.16/turn              (no ring)
MPRegen  0.09/turn              (no ring)

@: no status effects
A: large, unfitting armour, tough skin 1
a: no special abilities


You were on level 4 of the Dungeon.
You visited 1 branch of the dungeon, and saw 4 of its levels.

You collected 77 gold pieces.

Inventory:

Hand Weapons
 a - a +0 short sword
 j - a +2 dagger of venom (weapon)
Missiles
 c - 3 large rocks
 d - 2 throwing nets
 g - 20 stones (quivered)
Armour
 b - a +0 robe (worn)
Scrolls
 e - 2 scrolls of identify {unknown}
 f - a scroll of remove curse {unknown}
 h - a scroll of amnesia {unknown}
 i - 2 scrolls of teleportation {unknown}
Potions
 k - a potion of lignification {unknown}
 l - a potion of curing {unknown}


   Skills:
 + Level 4.0 Fighting
 * Level 5.2 Throwing
 - Level 1.7 Dodging
 - Level 0.6 Stealth


You had 3 spell levels left.
You didn't know any spells.
Your spell library was empty.

Dungeon Overview and Level Annotations

Branches:
Dungeon (4/15)
 Temple: D:4-7

Altars:

Annotations:
D:2 Sigmund


Innate Abilities, Weirdness & Mutations

You are too large for most types of armour.
You have tough skin. (AC +1)


Message History

The orc completely misses you.
You barely miss the orc. The orc hits you with a +0 flail.
* * * LOW HITPOINT WARNING * * *
You hit the orc.
The orc is heavily wounded.
The orc barely misses you.
You hit the orc.
The orc is poisoned.
The orc is almost dead.
You kill the orc!
You hit the orc.
The orc is heavily wounded.
The orc hits you with a +0 flail!
* * * LOW HITPOINT WARNING * * *
Throw: 21 stones
Press: ? - help, Q - select action, (/) - cycle Shift-Dir - straight line, f - orc, p - orc
Aim: an orc, wielding a +0 mace and wearing a +0 leather armour You throw a stone.
The stone hits the orc.
The orc is severely wounded.
The orc hits you with a +0 flail.
You die...

..............#
........(.....#
........(# #.....##.# #
##......# .. #......###
...#........#
#........##.....#
#......#.######.. #####
..#..........o###.....#
......†....##oo@....#
<......###.o#######.#
............<..#
...........#.....#
......####..........
.#.... ...........
#.... ........###.
..... ...##.#... ....#
.##.. ..... .# ##.


You could see 3 orcs.

Vanquished Creatures
  An orc wizard (D:4)
  An adder (D:3)
  A worm (D:1)
  2 dart slugs (D:1)
  A leopard gecko (D:1)
  6 orcs
  A giant cockroach (D:4)
  3 goblins (D:1)
  2 hobgoblins
  4 jackals (D:1)
  A quokka (D:3)
  2 bats (D:1)
  3 frilled lizards
  2 kobolds (D:1)
  A rat (D:1)
31 creatures vanquished.

Vanquished Creatures (others)
  A plant (D:1)
1 creature vanquished.

Grand Total: 32 creatures vanquished

Notes
Turn   | Place    | Note
-------+----------+-------------------------------------------
     0 | D:1      | Garrluk the Ogre Hunter began the quest for the Orb.
     0 | D:1      | Reached XP level 1. HP: 22/22 MP: 1/1
    83 | D:1      | Reached XP level 2. HP: 9/31 MP: 2/2
   517 | D:1      | Reached XP level 3. HP: 14/37 MP: 3/3
   648 | D:2      | Noticed Sigmund
   750 | D:3      | Reached skill level 5 in Throwing
   777 | D:4      | Reached XP level 4. HP: 22/48 MP: 4/4
   801 | D:4      | Slain by an orc

Illustrated notes

Levels and vault maps discovered:
D:1:      lemuel_arrival_rhombus, layout_basic, serial_curves, eino_curves_04,
          eino_curves_02, eino_curves_01, serial_bayou_pond_b, st_stairs_14,
          minmay_misc_feat_square
D:2:      layout_rooms, grunt_gozag_statues, uniq_sigmund
D:3:      layout_basic
D:4:      layout_rooms, interstate_on_off

Skill      XL: |  1  2  3 |
---------------+----------+-----
Fighting       | 3 4 |  4.0
Throwing       | 5 |  5.2
Dodging        | |  1.7
Stealth        | |  0.6

Action                   |  1- 3 |  4- 6 || total
-------------------------+-------+-------++-------
Melee: Short sword       |    39 |       ||    39
       Dagger            |    49 |     9 ||    58
Throw: Stone             |    11 |     3 ||    14
       Large rock        |     8 |       ||     8
  Use: Potion            |     2 |       ||     2
 Stab: Sleeping          |     1 |       ||     1
Armor: Robe              |    25 |       ||    25
Dodge: Dodged            |    56 |     6 ||    62
